 Dungeon Crawl Stone Soup version 0.29-a0-268-g5627465c62 (webtiles) character file.

Game seed: 14059387328561534271

105 Pur the Vexing (level 4, 0/21 HPs)
             Began as a Spriggan Enchanter on Mar 7, 2022.
             Succumbed to an adder's poison
             ... on level 3 of the Dungeon.
             The game lasted 00:05:10 (2571 turns).

Pur the Vexing (Spriggan Enchanter)                 Turns: 2571, Time: 00:05:10

Health: 0/21       AC:  2    Str:  6    XL:     4   Next: 53%
Magic:  2/11       EV: 17    Int: 16    God:
Gold:   82         SH:  0    Dex: 17    Spells: 1/12 levels left

rFire   . . .      SeeInvis +   a - +1 dagger
rCold   . . .      Faith    .   (no shield)
rNeg    . . .      Spirit   .   b - +0 robe
rPois   .          Reflect  .   (helmet restricted)
rElec   .          Harm     .   (no cloak)
rCorr   .          Rampage  .   (gloves unavailable)
Will    .....      Rnd*Tele +   (boots unavailable)
Stlth   +++.......              (no amulet)
HPRegen 0.07/turn               (no ring)
MPRegen 0.12/turn               (no ring)

@: lethally poisoned (0 -> -2), very quick
A: very small, no large weapons, unfitting armour, see invisible, speed 3,
hooves 1, agile 1, teleportitis 1
a: no special abilities


You were on level 3 of the Dungeon.
You visited 1 branch of the dungeon, and saw 3 of its levels.

You collected 82 gold pieces.

Inventory:

Hand Weapons
 a - a +1 dagger (weapon)
Missiles
 k - 6 poisoned darts (quivered)
Armour
 b - a +0 robe (worn)
Jewellery
 g - a ring of fire
Scrolls
 e - 2 scrolls of brand weapon {unknown}
 f - a scroll of noise {unknown}
 h - a scroll of amnesia {unknown}
 i - a scroll of enchant armour {unknown}
 j - 2 scrolls of identify {unknown}
Potions
 c - 2 potions of invisibility


   Skills:
 - Level 1.1 Short Blades
 - Level 2.6 Dodging
 - Level 4.4 Stealth
 + Level 4.6 Spellcasting
 + Level 5.2 Hexes


You had one spell level left.
You knew the following spells:

 Your Spells              Type           Power      Damage    Failure   Level
a - Ensorcelled Hibernat  Hex/Ice        24%        N/A       9%          2
b - Tukima's Dance        Hex            20%        N/A       5%          3
c - Dazzling Flash        Conj/Hex       24%        N/A       16%         3
d - Confusing Touch       Hex            20%        N/A       5%          3

Your spell library contained the following spells:

 Spells                   Type           Power      Damage    Failure   Level
 Animate Skeleton         Necr           6%         N/A       16%         1
 Apportation              Tloc           6%         N/A       16%         1
 Summon Small Mammal      Summ           12%        N/A       16%         1


Dungeon Overview and Level Annotations

Branches:
Dungeon (3/15)

Altars:

Shops:
D:1 !


Innate Abilities, Weirdness & Mutations

You are very small and have problems with some larger weapons.
You are too small for most types of armour.
You have supernaturally acute eyesight. (SInv)
You cover ground extremely quickly. (Speed+++)
You have large cloven feet.
You are agile. (Dex +2)
You are occasionally teleported next to monsters.


Message History

Terence hits you.
You hit Terence.
Terence is severely wounded.
Terence hits you.
You hit Terence.
Terence is severely wounded.
Terence misses you. The adder attacks as you move away! The adder bites you.
You are poisoned.
The adder poisons you!
You feel sick. Terence hits you.
Your +0 flail hits Terence.
Terence dies!
You feel sick. The adder bites you.
* * * LOW HITPOINT WARNING * * *
You are lethally poisoned!
The adder poisons you!
Things that are here:
a +0 chain mail; a wand of polymorph (6); an inky potion It was a potion of mutation.
You feel extremely strange.
You feel weirdly uncertain.
Your feet thicken and deform.
You feel agile.
* * * LOW HITPOINT WARNING * * *
You feel sick. The adder misses you.
Unknown command.
Blink to where?
Press: ? - help, Dir - move target
As you read the scroll labelled BIRIRAACLU, it crumbles to dust.
It was a scroll of blinking.
* * * LOW HITPOINT WARNING * * *
You feel sick.
Your +0 flail hits the adder.
Found a bubbling silvery potion.
* * * LOW HITPOINT WARNING * * *
You feel sick.
Your +0 flail falls from the air.
There is a large open door here.
Unknown command.
* * * LOW HITPOINT WARNING * * *
You feel sick.
Okay, then.
Unknown command.
You die...

#..# #....)...#..# #.##
#........#
#.######...........
####........##..####...
#........##.##?.####..#
#.##..#...<)...S......#
# #.....##$##''###..#
##.#.#####....## #
.....# #....@.# ###....
#..♣♣.♣..# #####
#..♣.♣..$# #...♣ ♣..#
#..♣ .!# ##. .## # ##


You could see an adder.

Vanquished Creatures
  2 adders (D:2)
  A worm (D:2)
  4 dart slugs
  A bat (D:1)
  3 endoplasms
  6 goblins
  6 hobgoblins
  4 jackals (D:2)
  3 quokkas (D:2)
  4 ball pythons
  8 kobolds
  A rat (D:2)
43 creatures vanquished.

Vanquished Creatures (collateral kills)
  Terence (D:3)
1 creature vanquished.

Grand Total: 44 creatures vanquished

Notes
Turn   | Place    | Note
-------+----------+-------------------------------------------
     0 | D:1      | Pur the Spriggan Enchanter began the quest for the Orb.
     0 | D:1      | Reached XP level 1. HP: 9/9 MP: 5/5
    38 | D:1      | Found Xepaa's Distillery.
   221 | D:1      | Reached skill level 4 in Hexes
   246 | D:1      | Reached XP level 2. HP: 5/13 MP: 7/7
   249 | D:1      | Learned a level 2 spell: Ensorcelled Hibernation
  1213 | D:1      | Found a faded altar of an unknown god.
  1370 | D:2      | Reached XP level 3. HP: 13/16 MP: 1/9
  1374 | D:2      | Learned a level 3 spell: Tukima's Dance
  1378 | D:2      | Learned a level 3 spell: Confusing Touch
  2087 | D:2      | Reached XP level 4. HP: 21/21 MP: 11/11
  2091 | D:2      | Learned a level 3 spell: Dazzling Flash
  2448 | D:3      | Noticed Terence
  2455 | D:3      | Reached skill level 5 in Hexes
  2563 | D:3      | Killed Terence
  2565 | D:3      | Gained mutation: You are occasionally teleported next to
                  | monsters. [potion of mutation]
  2565 | D:3      | Gained mutation: You have large cloven feet. [potion of
                  | mutation]
  2565 | D:3      | Gained mutation: You are agile. (Dex +2) [potion of
                  | mutation]
  2570 | D:3      | HP: 1/21 [poisoned by an adder]
  2571 | D:3      | Succumbed to an adder's poison

Illustrated notes

Levels and vault maps discovered:
D:1:      wheals_arrival_shading, layout_loops_corners, basic_ecumenical_altar,
          serial_shops, shop
D:2:      layout_loops_ring, serial_glass, glass_columns_b, glass_columns_b,
          minivault_19
D:3:      layout_loops_cross, nicolae_ru_awakened_eye, roderic_serpentine_path,
          eino_tiny_chamber, kennysheep_generic_room_3, uniq_terence

Skill      XL: |  1  2  3  4 |
---------------+-------------+-----
Spellcasting   | 3 4 |  4.6
Hexes          | 4 5 |  5.2
Short Blades   | |  1.1
Dodging        | |  2.6
Stealth        | |  4.4

Action                   |  1- 3 |  4- 6 || total
-------------------------+-------+-------++-------
Melee: Dagger            |    95 |    15 ||   110
       Punch             |     1 |     1 ||     2
 Cast: Ensorcelled Hiber |    10 |     7 ||    17
       Tukima's Dance    |       |     2 ||     2
  Use: Scroll            |       |     1 ||     1
       Potion            |       |     1 ||     1
 Stab: Sleeping          |    14 |     5 ||    19
Armor: Robe              |     7 |     2 ||     9
Dodge: Dodged            |    64 |     5 ||    69

Table legend: (Time is in decaauts)
 A = Elapsed time spent in this place.
 B = Non-inter-level travel time spent in this place.
 C = Inter-level travel time spent in this place.
 D = Time resting spent in this place.
 E = Time spent auto-exploring this place.
 F = Levels seen in this place.
 G = Mean time per level.
                   A        B        C        D        E       F      G
               +--------+--------+--------+--------+--------+-----+--------+
         Total |   1981 |   1943 |     38 |     25 |   1648 |   3 |  660.3 |
       Dungeon |   1981 |   1943 |     38 |     25 |   1648 |   3 |  660.3 |
               +--------+--------+--------+--------+--------+-----+--------+

Top non-repeatable levels by time:
     D:1: 1035 daAuts
     D:2: 891 daAuts
     D:3: 54 daAuts
